 Dungeon Crawl Stone Soup version 0.21.1-1-g345015fe64 (webtiles) character file.

505 Gedi the Chopper (level 6, -3/56 HPs)
             Began as a Minotaur Abyssal Knight on June 14, 2018.
             Was a Priest of Lugonu.
             Slain by a gnoll
             ... wielding a +0 spear
              (9 damage)
             ... on level 5 of the Dungeon.
             The game lasted 00:11:36 (3856 turns).

Gedi the Chopper (Minotaur Abyssal Knight)          Turns: 3856, Time: 00:11:37

Health: -3/56      AC: 13    Str: 19    XL:     6   Next: 96%
Magic:  7/7        EV:  8    Int:  9    God:    Lugonu [***...]
Gold:   232        SH:  8    Dex:  9    Spells: 5/5 levels left

rFire    . . .     SeeInvis .   a - +2 hand axe
rCold    . . .     Gourm    .   q - +0 shield
rNeg     . . .     Faith    .   g - +1 ring mail {rPois}
rPois    +         Spirit   .   (helmet restricted)
rElec    .         Reflect  .   (no cloak)
rCorr    .         Harm     .   o - +1 pair of gloves
MR       .....                  (no boots)
Stlth    +.........             d - amulet of magic regeneration
HPRegen  0.18/turn              j - +4 ring of protection
MPRegen  0.35/turn              t - ring of stealth

@: lethally poisoned (-3 -> -8)
A: retaliatory headbutt, horns 2
a: Depart the Abyss, Bend Space, Banish, Renounce Religion


You were on level 5 of the Dungeon.
You worshipped Lugonu.
Lugonu was most pleased with you.
You were hungry.

You visited 1 branch of the dungeon, and saw 5 of its levels.
You visited the Abyss 1 time.

You collected 232 gold pieces.

Inventory:

Hand Weapons
 a - a +2 hand axe (weapon)
Armour
 g - a +1 ring mail of poison resistance (worn)
 o - a +1 pair of gloves (worn)
 q - a +0 shield (worn)
Jewellery
 d - an amulet of magic regeneration (around neck)
 j - a +4 ring of protection (left hand)
 t - a ring of stealth (right hand)
Wands
 h - a wand of acid (12)
 v - a wand of clouds (6)
Scrolls
 b - 3 scrolls of identify
 r - 3 scrolls of remove curse
Potions
 e - a potion of agility {unknown}
 f - 2 potions of haste {unknown}
 i - a potion of might {unknown}
 k - a potion of invisibility
 n - a potion of lignification {unknown}
 p - 2 potions of heal wounds {unknown}
 s - a potion of flight {unknown}
 u - a potion of magic {unknown}
Comestibles
 c - 10 rations


   Skills:
 + Level 5.5 Fighting
 + Level 5.6 Axes
 + Level 4.1 Armour
 - Level 1.4 Dodging
 * Level 2.9 Shields
 * Level 3.0 Invocations


You had 5 spell levels left.
You didn't know any spells.

Dungeon Overview and Level Annotations

Branches:
Dungeon (5/15)             Temple (0/1) D:5

Altars:
Dithmenos
Yredelemnul
The Shining One


Innate Abilities, Weirdness & Mutations

You reflexively headbutt those who attack you in melee.
You have a pair of horns on your head.


Message History

* * * LOW HITPOINT WARNING * * *
The gnoll hits you but does no damage.
The gnoll sergeant hits you but does no damage.
You are poisoned.
You hit the gnoll sergeant but do no damage.
The gnoll sergeant is almost dead.
* * * LOW HITPOINT WARNING * * *
You feel sick.
The gnoll hits you but does no damage. x2
The gnoll sergeant hits you but does no damage.
You completely miss the gnoll sergeant.
The gnoll sergeant is almost dead.
* * * LOW HITPOINT WARNING * * *
You feel sick.
The gnoll hits you but does no damage. x2
The gnoll sergeant hits you but does no damage.
You hit the gnoll sergeant.
The gnoll sergeant is almost dead.
* * * LOW HITPOINT WARNING * * *
You feel sick. The gnoll barely misses you.
The gnoll hits you from afar with a spear!
You die...

##............#
.'............#
.####............#
.....##......%...#
##..##.##..........#
#........)..g......)
####
###.####.###g#########
#...###...####.###.#
#..........@gg.....#
#.......(....g....##
#......(..........#
###...###'####......#
#.........# ......#
#.........# ......#
#.........# ......#
..... #.........#
####### #...).
#.........# ####.....


You could see a gnoll sergeant and 2 gnolls.

Vanquished Creatures
  A centaur (D:5)
  A scorpion (D:5)
  3 crimson imps (D:5)
  A hound (D:4)
  An orc priest (D:4)
  A worker ant (D:5)
  Robin (D:2)
  2 gnolls
  3 adders
  7 worms
  4 dart slugs
  3 leopard geckos
  5 orcs
  A ball python (D:1)
  3 giant cockroaches
  6 hobgoblins
  5 jackals
  A quokka (D:5)
  5 bats
  6 frilled lizards
  A giant cockroach zombie (D:5)
  24 goblins
  5 kobolds
  13 rats
103 creatures vanquished.

Notes
Turn   | Place    | Note
-------+----------+-------------------------------------------
     0 | Abyss:1  | Gedi the Minotaur Abyssal Knight began the quest for the Orb.
     0 | Abyss:1  | Reached XP level 1. HP: 19/19 MP: 1/1
    80 | Abyss:1  | Noticed a thrashing horror
    81 | D:1      | Escaped the Abyss
   116 | D:1      | Reached * piety under Lugonu
   243 | D:1      | Reached XP level 2. HP: 25/27 MP: 2/2
   521 | D:1      | Reached XP level 3. HP: 23/34 MP: 3/3
   522 | D:1      | Reached ** piety under Lugonu
  1186 | D:2      | Noticed Robin
  1196 | D:2      | Reached XP level 4. HP: 27/41 MP: 4/4
  1205 | D:2      | Reached skill level 5 in Fighting
  1222 | D:2      | Killed Robin
  1547 | D:2      | Reached *** piety under Lugonu
  2010 | D:3      | Reached XP level 5. HP: 43/48 MP: 5/5
  2016 | D:3      | Found a basalt altar of Yredelemnul.
  2441 | D:4      | Reached skill level 1 in Shields
  2707 | D:4      | Found a shadowy altar of Dithmenos.
  2708 | D:4      | Found a glowing golden altar of the Shining One.
  2985 | D:5      | Entered Level 5 of the Dungeon
  3034 | D:5      | Found a staircase to the Ecumenical Temple.
  3055 | D:5      | Reached skill level 5 in Axes
  3202 | D:5      | Reached XP level 6. HP: 45/56 MP: 6/6
  3856 | D:5      | Slain by a gnoll

Skill      XL: |  1  2  3  4  5  6 |
---------------+-------------------+-----
Fighting       | 4 5 |  5.5
Axes           | 3 4 5 |  5.6
Armour         | 3 4 |  4.1
Invocations    | 2 3 |  3.0
Shields        | 1 2 |  2.9
Dodging        | |  1.4

Action                   |  1- 3 |  4- 6 || total
-------------------------+-------+-------++-------
Melee: Hand axe          |    96 |   229 ||   325
       Headbutt          |     6 |    36 ||    42
Invok: Depart the Abyss  |     1 |       ||     1
       Bend Space        |       |     2 ||     2
  Use: Potion            |     2 |     4 ||     6
       Scroll            |       |    14 ||    14
 Stab: Invisible         |     1 |       ||     1
  Eat: Chunk             |     1 |     8 ||     9
Armor: Leather armour    |     6 |       ||     6
       Ring mail         |    31 |   101 ||   132
Dodge: Dodged            |    54 |    92 ||   146
Block: Shield            |       |    75 ||    75
